[Event "Team 45 45 League T51"]
[Site "Internet Chess Club"]
[Date "2011.11.19"]
[Round "2"]
[White "BuddyT"]
[Black "tsia68"]
[Result "1/2-1/2"]
[WhiteElo "1853"]
[BlackElo "1833"]
[Opening "Queen's Pawn"]
[ECO "A41"]
[Time "15:03:54"]
[TimeControl "2700+45"]

1. d4 d6 2. Nf3 g6 3. c4 f5 4. Nc3 Nf6 5. Bg5 Bg7 6. Qd2 Ne4 7. Nxe4 fxe4 8. Ng1
Nc6 9. Bh6 Bxd4 10. e3 Bf6 11. Ne2 Bf5 12. h3 g5 13. g4 Ne5 14. Bg2 Bg6 15. h4
Nd3+ 16. Kf1 gxh4 17. Nc3 Nc5 18. Rd1 Qd7 19. b4 Qxg4 20. Nd5 Ne6 21. Bh3 Qf3
22. Rh2 Bf5 23. Nxf6+ exf6 24. Bxf5 Qxf5 25. Rxh4 O-O-O 26. Qd5 Qxd5 27. cxd5
Ng5 28. Bg7 Rhg8 29. Bxf6 Rdf8 30. Bxg5 Rxg5 31. Rxh7 Rgf5 32. Rh2 R8f7 33. Rd4
Re5 34. Ke2 Kd7 35. Rh4 Rfe7 36. Rh6 Rf7 37. b5 Ref5 38. Rh2 Re7 39. Rh4 Ref7
40. Rh2 Re7 41. Rh4 {Game drawn by mutual agreement} 1/2-1/2

[Event "Team 45 45 League T51"]
[Site "Internet Chess Club"]
[Date "2011.11.23"]
[Round "2"]
[White "HiddenDeath"]
[Black "zeigmata"]
[Result "1/2-1/2"]
[WhiteElo "1989"]
[BlackElo "2222"]
[Opening "QGD: classical variation (5.Bf4)"]
[ECO "D37"]
[Time "15:23:03"]
[TimeControl "2700+45"]

1. d4 Nf6 2. c4 e6 3. Nf3 d5 4. Nc3 Be7 5. Bf4 O-O 6. e3 c5 7. dxc5 Nc6 8. cxd5
exd5 9. Be2 Bxc5 10. O-O h6 11. Rc1 Re8 12. Nb5 Bb6 13. Nfd4 Ne5 14. Nf3 Nc6 15.
Nfd4 Ne5 16. Nf3 Nc6 {Game drawn by repetition} 1/2-1/2

[Event "Team 45 45 League T51"]
[Site "Internet Chess Club"]
[Date "2011.11.19"]
[Round "2"]
[White "pentti63"]
[Black "chess9793"]
[Result "1/2-1/2"]
[WhiteElo "2238"]
[BlackElo "2147"]
[Opening "Grünfeld: modern exchange variation"]
[ECO "D85"]
[Time "14:02:29"]
[TimeControl "2700+45"]

1. d4 Nf6 2. c4 g6 3. Nc3 d5 4. cxd5 Nxd5 5. e4 Nxc3 6. bxc3 Bg7 7. Nf3 c5 8.
Rb1 O-O 9. Be2 cxd4 10. cxd4 Qa5+ 11. Bd2 Qxa2 12. O-O Bg4 13. Bg5 h6 14. Bh4 g5
15. Bg3 Nc6 16. d5 Rad8 17. Rxb7 e6 18. Bc7 Bxf3 19. Bxf3 Rd7 20. dxc6 Rxd1 21.
Rxd1 Qc2 22. Bd6 g4 23. Bxg4 Qxc6 24. Rc7 Qb6 25. Rd7 Rd8 26. Bc7 Rxd7 27. Bxb6
Rxd1+ {Game drawn by mutual agreement} 1/2-1/2

[Event "Team 45 45 League T51"]
[Site "Internet Chess Club"]
[Date "2011.11.18"]
[Round "2"]
[White "gaibo4ever"]
[Black "SuperPeon"]
[Result "0-1"]
[WhiteElo "2100"]
[BlackElo "2227"]
[Opening "Petrov: Cozio (Lasker) attack"]
[ECO "C42"]
[Time "22:11:23"]
[TimeControl "2700+45"]

1. e4 e5 2. Nf3 Nf6 3. Nxe5 d6 4. Nf3 Nxe4 5. Qe2 Qe7 6. d3 Nf6 7. Bg5 Be6 8.
Nd4 Nc6 9. Nxe6 fxe6 10. c3 h6 11. Bh4 g5 12. Bg3 Bg7 13. Nd2 O-O-O 14. f4 d5
15. d4 Nd7 16. O-O-O gxf4 17. Bxf4 e5 18. dxe5 Bxe5 19. Be3 Rhe8 20. Re1 Qf6 21.
Nf3 Bxc3 22. bxc3 Qxc3+ 23. Kb1 Re4 24. Nd2 Rde8 25. Nxe4 Rxe4 26. a3 Qxa3 27.
Qd1 Rb4+ 28. Kc2 Rb2+ {White resigns} 0-1

[Event "Team 45 45 League T51"]
[Site "Internet Chess Club"]
[Date "2011.11.20"]
[Round "2"]
[White "snottgoblin"]
[Black "Stryker672"]
[Result "1/2-1/2"]
[WhiteElo "2043"]
[BlackElo "1976"]
[Opening "English opening"]
[ECO "A17"]
[Time "15:07:32"]
[TimeControl "2700+45"]

1. c4 Nf6 2. Nc3 e6 3. g3 d5 4. d4 c6 5. cxd5 exd5 6. Bg2 Bd6 7. Nf3 O-O 8. Qc2
Bg4 9. O-O Re8 10. h3 Bh5 11. Bg5 Nbd7 12. Rad1 Bg6 13. Qc1 Qa5 14. Nh4 Ne4 15.
Nxg6 Nxc3 16. bxc3 hxg6 17. Qc2 Nb6 18. Bc1 Nc4 19. e4 dxe4 20. Bxe4 Rad8 21.
Rfe1 Qc7 22. Kg2 b5 23. Bg5 Be7 24. Bc1 Bd6 25. a4 a6 26. axb5 axb5 27. Qd3 Bf8
28. Qf3 c5 29. Bc6 Rxe1 30. Rxe1 cxd4 31. cxd4 Rxd4 32. Bf4 Rxf4 33. gxf4 Nd6
34. Qd5 b4 35. Ba4 Qc3 36. Re3 Qf6 37. Be8 Nf5 38. Rd3 Nh4+ 39. Kg3 Nf5+ 40. Kg2
Nh4+ 41. Kg3 Nf5+ {Game drawn by mutual agreement} 1/2-1/2

[Event "Team 45 45 League T51"]
[Site "Internet Chess Club"]
[Date "2011.11.19"]
[Round "2"]
[White "Uwak"]
[Black "easycure"]
[Result "1-0"]
[WhiteElo "2428"]
[BlackElo "2377"]
[Opening "Ruy Lopez: closed, center attack"]
[ECO "C84"]
[Time "22:00:28"]
[TimeControl "2700+45"]

1. e4 e5 2. Nf3 Nc6 3. Bb5 a6 4. Ba4 Nf6 5. O-O Be7 6. d4 exd4 7. e5 Ne4 8. b4
O-O 9. Re1 Nc3 10. Nxc3 dxc3 11. Qd3 Nxb4 12. Qxc3 b5 13. Bb3 Bb7 14. a3 Nd5 15.
Qd3 Nb6 16. Nd4 d5 17. c3 c5 18. Bc2 g6 19. Nf5 Bc8 20. Nxe7+ Qxe7 21. Qg3 f5
22. Bg5 Qe6 23. h4 Ra7 24. h5 Kf7 25. Bd1 Ke8 26. Qh4 Raf7 27. a4 Bd7 28. hxg6
hxg6 29. axb5 Bxb5 30. Bb3 Kd7 31. Bxd5 Nxd5 32. c4 Kc6 33. cxd5+ Qxd5 34. e6
Rc7 35. e7 Re8 36. Rad1 Qf7 37. Qf4 Kb7 38. Rd8 Qb3 39. Qd6 Qc4 40. Bf4 {Black
resigns} 1-0

[Event "Team 45 45 League T51"]
[Site "Internet Chess Club"]
[Date "2011.11.20"]
[Round "2"]
[White "Horoblitz"]
[Black "searchforbobby1"]
[Result "0-1"]
[WhiteElo "2140"]
[BlackElo "2202"]
[Opening "Sicilian: Pelikan (Lasker/Sveshnikov) variation"]
[ECO "B33"]
[Time "20:06:04"]
[TimeControl "2700+45"]

1. e4 c5 2. Nf3 Nc6 3. d4 cxd4 4. Nxd4 Nf6 5. Nc3 e5 6. Ndb5 d6 7. Nd5 Nxd5 8.
exd5 Ne7 9. c4 Nf5 10. Bd3 Be7 11. O-O a6 12. Nc3 O-O 13. f4 exf4 14. Bxf4 Nh4
15. Qc2 Ng6 16. Be3 Bd7 17. Bd4 Rc8 18. b3 b5 19. Rae1 bxc4 20. bxc4 f5 21. Qf2
Ne5 22. Rxe5 dxe5 23. Bxe5 Bf6 24. Bd4 Qa5 25. Bxf6 Rxf6 26. Qd4 Rff8 27. Rc1
Rfe8 28. Rf1 Qa3 29. Ne2 Qxa2 30. Ng3 Qd2 31. Nxf5 Bxf5 32. Rxf5 Re1+ {White
resigns} 0-1

[Event "Team 45 45 League T51"]
[Site "Internet Chess Club"]
[Date "2011.11.20"]
[Round "2"]
[White "boknoy"]
[Black "jorobo"]
[Result "0-1"]
[WhiteElo "1862"]
[BlackElo "1964"]
[Opening "QGD Slav: Dutch variation"]
[ECO "D18"]
[Time "23:00:16"]
[TimeControl "2700+45"]

1. d4 d5 2. c4 c6 3. Nc3 Nf6 4. Nf3 dxc4 5. a4 Bf5 6. e3 e6 7. Bxc4 Bb4 8. O-O
Nbd7 9. Qe2 Bg6 10. Ne1 O-O 11. Nd3 a5 12. Nf4 e5 13. Nxg6 hxg6 14. Qc2 exd4 15.
exd4 Nb6 16. Ba2 Nfd5 17. Ne4 Re8 18. Bg5 Be7 19. Bd2 Nb4 20. Bxb4 Bxb4 21. Nc5
Bxc5 22. dxc5 Nd5 23. Rad1 Nb4 24. Bxf7+ Kxf7 25. Qb3+ Nd5 26. Qxb7+ Qc7 27. Qb3
Rab8 28. Qf3+ Kg8 29. b3 Rb4 30. Rfe1 Rxe1+ 31. Rxe1 Qf4 32. Qh3 Qf5 33. Qg3 Re4
34. Qb8+ Kh7 35. Rf1 Nf4 36. g3 Ne2+ 37. Kg2 Qxc5 {White resigns} 0-1

[Event "Team 45 45 League T51"]
[Site "Internet Chess Club"]
[Date "2011.11.22"]
[Round "2"]
[White "chsrules88"]
[Black "loudoun"]
[Result "0-1"]
[WhiteElo "1979"]
[BlackElo "1633"]
[Opening "Sicilian"]
[ECO "B50"]
[Time "22:01:22"]
[TimeControl "2700+45"]

1. e4 c5 2. Nf3 d6 3. Bd3 g6 4. O-O Bg7 5. h3 Nc6 6. c3 e5 7. Bc2 Nge7 8. Re1
O-O 9. d3 d5 10. Qe2 d4 11. cxd4 cxd4 12. Bb3 Na5 13. Nbd2 Nxb3 14. Nxb3 a5 15.
Qc2 Bd7 16. Qc5 Nc6 17. Bg5 f6 18. Qd5+ Kh8 19. Bd2 b6 20. Rac1 Rc8 21. Rc4 a4
22. Na1 Qe7 23. Qb5 Na5 24. Qb4 Qe6 25. Rcc1 Rf7 26. Rxc8+ Bxc8 27. Qxa4 g5 28.
Bxa5 bxa5 29. Qxa5 g4 30. hxg4 Qxg4 31. Nb3 Bh6 32. Nbd2 Bf4 33. Nc4 h5 34. Nh2
Bxh2+ 35. Kxh2 Rg7 36. g3 Qh3+ 37. Kg1 h4 38. Nxe5 hxg3 39. Nf7+ Kh7 40. Ng5+
Rxg5 41. Qc7+ Rg7 42. Qxg7+ Kxg7 43. Re2 Qh2+ {White resigns} 0-1

[Event "Team 45 45 League T51"]
[Site "Internet Chess Club"]
[Date "2011.11.18"]
[Round "2"]
[White "Y-ElGhazali"]
[Black "AugustoCaruso"]
[Result "1/2-1/2"]
[WhiteElo "2247"]
[BlackElo "2177"]
[Opening "English: Bremen system, Keres variation"]
[ECO "A23"]
[Time "15:30:24"]
[TimeControl "2700+45"]

1. c4 e5 2. Nc3 Nf6 3. g3 c6 4. d4 exd4 5. Qxd4 d5 6. Bg2 dxc4 7. Qxc4 Be6 8.
Qa4 Nbd7 9. Nf3 Bc5 10. O-O O-O 11. Qc2 h6 12. a3 a5 13. b3 Qe7 14. h3 Rfd8 15.
Kh2 Nb6 16. e4 Qf8 17. Nh4 a4 18. Nxa4 Nxa4 19. bxa4 Bd4 20. Rb1 b5 21. axb5
cxb5 22. Bb2 Bxb2 23. Qxb2 Bc4 24. Rfe1 Rxa3 25. Qe5 Rd2 26. Rbd1 Rad3 27. Rxd2
Rxd2 28. Qf4 Qd8 29. Nf5 Be6 30. Ne7+ Kh8 31. Nd5 Rb2 32. Rd1 b4 33. Ne3 Rd2 34.
Rb1 b3 35. Nd5 Rd3 36. Nb4 Rc3 37. Qe5 Qc7 38. Qxc7 Rxc7 39. Nd5 Rb7 40. Rb2 Nd7
41. Bf1 Nc5 42. Nc3 Rb4 43. f3 Bc4 44. Kg2 Bxf1+ 45. Kxf1 Rc4 46. Ne2 g5 47. Rb1
Kg7 48. Kf2 Kf6 49. Ke3 Ke5 50. Rb2 Kd6 51. Nd4 h5 52. Rd2 Kc7 53. Nb5+ Kb6 54.
Na3 Rb4 55. Nb1 b2 56. Rc2 f6 57. Kd2 Na4 58. h4 gxh4 59. gxh4 Rb3 60. Ke2 Ka5
61. Rc8 Rb6 62. Kd3 Rb3+ 63. Kc4 Nb6+ 64. Kxb3 Nxc8 65. Kxb2 Kb5 66. Kc3 Kc5 67.
Kd3 Ne7 68. Nc3 Ng6 69. Nd5 Nxh4 70. Nxf6 Nxf3 71. Nxh5 Ng5 {Game drawn by
mutual agreement} 1/2-1/2

[Event "Team 45 45 League T51"]
[Site "Internet Chess Club"]
[Date "2011.11.19"]
[Round "2"]
[White "QueensCounselor"]
[Black "M-Abotreka"]
[Result "1/2-1/2"]
[WhiteElo "2150"]
[BlackElo "2141"]
[Opening "King's Indian: orthodox, Aronin-Taimanov, main line"]
[ECO "E99"]
[Time "05:02:07"]
[TimeControl "2700+45"]

1. d4 Nf6 2. c4 g6 3. Nc3 Bg7 4. e4 d6 5. Nf3 O-O 6. Be2 e5 7. O-O Nc6 8. d5 Ne7
9. Ne1 Nd7 10. f3 f5 11. Be3 f4 12. Bf2 g5 13. a4 a5 14. Nd3 b6 15. b4 axb4 16.
Nxb4 Nf6 17. Nd3 h5 18. Nb5 Ng6 19. Be1 g4 20. a5 bxa5 21. Rxa5 Rb8 22. c5 g3
23. Nb4 Nxe4 24. fxe4 Qh4 25. hxg3 fxg3 26. Rxf8+ Bxf8 27. Bxg3 Qxg3 28. Ra3 Qh4
29. Nc6 Rxb5 30. Bxb5 Bh6 31. g3 Qxe4 32. Qf3 Qe1+ 33. Qf1 Be3+ 34. Kg2 {Game
drawn by mutual agreement} 1/2-1/2

[Event "Team 45 45 League T51"]
[Site "Internet Chess Club"]
[Date "2011.11.19"]
[Round "2"]
[White "frontier"]
[Black "PandorasBox"]
[Result "1-0"]
[WhiteElo "1947"]
[BlackElo "1937"]
[Opening "English opening"]
[ECO "A10"]
[Time "18:00:33"]
[TimeControl "2700+45"]

1. c4 b6 2. Nc3 Bb7 3. d4 e6 4. Nf3 Bb4 5. Bg5 Nf6 6. e3 h6 7. Bh4 O-O 8. Bd3 d5
9. cxd5 exd5 10. Rc1 c6 11. O-O Nbd7 12. Ne5 g5 13. Bg3 Rc8 14. f4 Bxc3 15. Rxc3
Nxe5 16. fxe5 Ne4 17. Bxe4 dxe4 18. Rf6 c5 19. Qh5 Qxf6 20. exf6 Kh7 21. Bd6 Bd5
22. Bxf8 Rxf8 23. dxc5 b5 24. c6 {Black resigns} 1-0

[Event "Team 45 45 League T51"]
[Site "Internet Chess Club"]
[Date "2011.11.25"]
[Round "2"]
[White "jonesey"]
[Black "egyptiantiger"]
[Result "0-1"]
[WhiteElo "1941"]
[BlackElo "2179"]
[Opening "Sicilian: Grand Prix attack"]
[ECO "B23"]
[Time "14:24:04"]
[TimeControl "2700+45"]

1. e4 c5 2. Nc3 Nc6 3. f4 g6 4. g3 Bg7 5. Bg2 d6 6. Nge2 e6 7. d3 Nge7 8. Be3
Nd4 9. Qd2 Bd7 10. Nd1 Qc7 11. c3 Nxe2 12. Qxe2 Rb8 13. O-O O-O 14. g4 f5 15.
Nf2 Nc6 16. Kh1 b5 17. Rg1 b4 18. Bf3 bxc3 19. bxc3 Bxc3 20. Rac1 Nd4 21. Qd1
Qa5 22. h4 Ba4 {White resigns} 0-1

[Event "Team 45 45 League T51"]
[Site "Internet Chess Club"]
[Date "2011.11.22"]
[Round "2"]
[White "pluto"]
[Black "sibirica"]
[Result "0-1"]
[WhiteElo "2175"]
[BlackElo "2295"]
[Opening "King's Indian: orthodox, Aronin-Taimanov, 9.Ne1"]
[ECO "E98"]
[Time "19:00:32"]
[TimeControl "2700+45"]

1. d4 Nf6 2. c4 g6 3. Nc3 d6 4. e4 Bg7 5. Nf3 O-O 6. Be2 e5 7. O-O Nc6 8. d5 Ne7
9. Ne1 Nd7 10. Be3 f5 11. f3 f4 12. Bf2 g5 13. a4 Ng6 14. a5 Rf7 15. Nd3 Nf6 16.
c5 Bf8 17. cxd6 Bxd6 18. Nb5 a6 19. Nxd6 cxd6 20. Bb6 Qf8 21. Rc1 g4 22. Rc7 g3
23. Rxf7 Qh6 24. h3 Bxh3 25. gxh3 Qxh3 26. Rf2 gxf2+ 27. Nxf2 Qg3+ 28. Kf1 Kxf7
29. Qc2 Ne7 30. Qc7 Rc8 31. Qxd6 Rc1+ 32. Nd1 Nxe4 33. Qe6+ Ke8 34. fxe4 f3 35.
Bf2 Qg2+ 36. Ke1 Qh1+ 37. Kd2 fxe2 38. Ne3 Qd1+ 39. Nxd1 exd1=Q+ 40. Ke3 Rc2
{White resigns} 0-1

[Event "Team 45 45 League T51"]
[Site "Internet Chess Club"]
[Date "2011.11.19"]
[Round "2"]
[White "Zumbi"]
[Black "Pomberito"]
[Result "1/2-1/2"]
[WhiteElo "2172"]
[BlackElo "2080"]
[Opening "Ruy Lopez: exchange variation, 5.O-O"]
[ECO "C68"]
[Time "12:11:20"]
[TimeControl "2700+45"]

1. e4 e5 2. Nf3 Nc6 3. Bb5 a6 4. Bxc6 dxc6 5. O-O Bg4 6. h3 Bh5 7. g4 Bg6 8.
Nxe5 Qh4 9. Qf3 f6 10. Nxg6 hxg6 11. Kg2 O-O-O 12. d3 g5 13. Be3 Ne7 14. Rh1 Kb8
15. Nd2 Ng6 16. Qg3 Qh7 17. Nc4 Re8 18. a4 Qg8 19. f3 Qe6 20. a5 Be7 21. Rhf1
Rh7 22. f4 gxf4 23. Bxf4 Bd8 24. Rae1 Reh8 25. Rh1 Nh4+ 26. Kf2 Ng6 27. Be3 Be7
28. Ke2 Bd6 29. Qf3 Ne5 30. Qf5 Qxf5 31. gxf5 Nxc4 32. dxc4 {Game drawn by
mutual agreement} 1/2-1/2

[Event "Team 45 45 League T51"]
[Site "Internet Chess Club"]
[Date "2011.11.19"]
[Round "2"]
[White "Petro8"]
[Black "Ptzz"]
[Result "0-1"]
[WhiteElo "2005"]
[BlackElo "2070"]
[Opening "QGD Slav: 4.Nc3"]
[ECO "D15"]
[Time "14:00:40"]
[TimeControl "2700+45"]

1. c4 c6 2. Nf3 d5 3. d4 Nf6 4. Nc3 a6 5. cxd5 cxd5 6. Bf4 Nc6 7. e3 Bg4 8. Be2
e6 9. O-O Bd6 10. Bxd6 Qxd6 11. h3 Bxf3 12. Bxf3 b5 13. Rc1 Rc8 14. g3 O-O 15.
Bg2 Rc7 16. a3 Na5 17. e4 dxe4 18. Nxe4 Nxe4 19. Rxc7 Nxg3 20. Rc3 Nxf1 21. Kxf1
Nc4 22. Qg4 Nxb2 23. Rg3 g6 24. h4 Rd8 25. Kg1 Qxd4 26. Qg5 Nd3 27. Rf3 Ne1 28.
Rf4 Qd1 29. Kh2 Nxg2 30. Qxg2 Qd5 31. Qg3 Rc8 32. Qe3 Rc4 {White resigns} 0-1

[Event "Team 45 45 League T51"]
[Site "Internet Chess Club"]
[Date "2011.11.21"]
[Round "2"]
[White "grabuark"]
[Black "robertoalvarez"]
[Result "1/2-1/2"]
[WhiteElo "2085"]
[BlackElo "2010"]
[Opening "Alekhine's defense: modern, Larsen variation"]
[ECO "B04"]
[Time "21:00:15"]
[TimeControl "2700+45"]

1. e4 Nf6 2. e5 Nd5 3. d4 d6 4. Nf3 dxe5 5. Nxe5 c6 6. Be2 Nd7 7. Nf3 g6 8. c4
Nc7 9. Nc3 Bg7 10. O-O O-O 11. Bg5 Nb6 12. h3 Be6 13. b3 f6 14. Be3 Bf7 15. a4
Nd7 16. Qc2 e6 17. Rad1 Qe7 18. Rfe1 Rfd8 19. Bf1 Qf8 20. Bf4 Rac8 21. Ne4 Ne8
22. h4 c5 23. dxc5 Nxc5 24. Nxc5 Qxc5 25. Be3 Qa5 26. Rxd8 Rxd8 27. Rd1 Rxd1 28.
Qxd1 e5 29. Qd7 Qa6 30. b4 Bf8 31. c5 Qc6 32. Qxc6 bxc6 33. b5 cxb5 34. axb5 Bd5
35. c6 a6 36. b6 Bxc6 37. Bc4+ Kg7 38. Bxa6 Bd6 39. Nd2 Bb8 {Game drawn by
mutual agreement} 1/2-1/2

[Event "Team 45 45 League T51"]
[Site "Internet Chess Club"]
[Date "2011.11.20"]
[Round "2"]
[White "AlexeiD"]
[Black "Wargasm"]
[Result "1-0"]
[WhiteElo "2162"]
[BlackElo "2202"]
[Opening "English: Caro-Kann defensive system"]
[ECO "A11"]
[Time "10:00:35"]
[TimeControl "2700+45"]

1. c4 c6 2. Nf3 d5 3. g3 Nf6 4. Bg2 Bf5 5. d4 e6 6. O-O Nbd7 7. Nc3 dxc4 8. Nh4
Bg4 9. f3 Bh5 10. e4 Nb6 11. Be3 Nfd7 12. Bh3 Be7 13. Ng2 O-O 14. Nf4 Bg5 15.
Qe2 Bg6 16. Rad1 Re8 17. Ng2 Be7 18. Bf2 Qc7 19. Ne3 Rad8 20. Nxc4 Nxc4 21. Qxc4
e5 22. Nd5 Qb8 23. Nxe7+ Rxe7 24. d5 cxd5 25. Qxd5 Ree8 26. Bxd7 Re7 27. Qb5 a6
28. Qa4 b5 29. Bxb5 axb5 30. Rxd8+ Qxd8 31. Qxb5 h5 32. a4 h4 33. g4 Re6 34. Be3
f6 35. a5 Be8 36. Qc4 Bf7 37. a6 Rb6 38. Qe2 Rb3 39. Rd1 Qa8 40. a7 Kh7 41. Rd7
Be8 42. Rc7 Qd8 43. Qe1 h3 44. Qc1 Bb5 45. Rc8 Qd3 46. a8=Q Qe2 47. Bf2 Qxf3 48.
Rh8+ Kg6 49. Qh6+ gxh6 50. Qg8# {Black checkmated} 1-0

[Event "Team 45 45 League T51"]
[Site "Internet Chess Club"]
[Date "2011.11.18"]
[Round "2"]
[White "lacibacsi"]
[Black "Catalog"]
[Result "0-1"]
[WhiteElo "2011"]
[BlackElo "2125"]
[Opening "Four knights: Scotch, 4...exd4"]
[ECO "C47"]
[Time "16:22:31"]
[TimeControl "2700+45"]

1. e4 e5 2. Nf3 Nc6 3. Nc3 Nf6 4. d4 exd4 5. Nxd4 Bb4 6. Nxc6 bxc6 7. Bd3 d5 8.
exd5 cxd5 9. O-O O-O 10. Bg5 c6 11. Na4 h6 12. Bh4 Bd6 13. c4 Be6 14. cxd5 cxd5
15. Re1 Rb8 16. b3 Bd7 17. Nc3 Be6 18. Rc1 Bb4 19. Bb1 d4 20. Qc2 g5 21. Ne4 Re8
22. Bg3 Bxe1 23. Nxf6+ Qxf6 24. Qh7+ Kf8 25. Bd6+ Re7 26. Rxe1 Re8 27. h3 Qg7
28. Qe4 Rd8 29. Bxe7+ Kxe7 30. Bd3 Qf6 31. Qb7+ Rd7 32. Qb4+ Rd6 33. Rc1 Bd5 34.
Rc7+ Ke8 35. Qb8+ Rd8 36. Qxa7 Kf8 37. Qc5+ Kg7 38. Qe7 Qxe7 39. Rxe7 Ra8 40.
Re2 Kf6 41. Kf1 Ra7 42. Rb2 Ke5 43. g3 f5 44. a4 Rc7 45. Ke2 f4 46. gxf4+ Kxf4
47. a5 h5 48. b4 h4 49. b5 g4 50. b6 Rg7 51. hxg4 h3 52. Rb1 h2 53. a6 h1=Q 54.
Rxh1 Bxh1 55. g5 Bf3+ 56. Kd2 Kxg5 57. Bc4 Kf4 58. Be6 Ke5 59. Bc8 Kd6 60. Kd3
Rg8 61. b7 Kc7 62. Kxd4 Kb8 63. Ke3 Rf8 64. Kd4 Rf6 65. Ke3 Ka7 66. Bh3 Kb8 67.
Bf1 Bc6 68. f4 Re6+ 69. Kf2 Re4 70. Kg3 Re3+ 71. Kg4 Bd7+ 72. f5 Bxf5+ 73. Kf4
Re1 74. Bb5 Rb1 75. Be2 Bd7 76. Bd3 Rb6 77. Ke5 Bb5 {White resigns} 0-1

[Event "Team 45 45 League T51"]
[Site "Internet Chess Club"]
[Date "2011.11.19"]
[Round "2"]
[White "perikitosax"]
[Black "CS-Attila"]
[Result "0-1"]
[WhiteElo "2022"]
[BlackElo "1949"]
[Opening "Grünfeld: exchange variation"]
[ECO "D85"]
[Time "14:04:29"]
[TimeControl "2700+45"]

1. d4 Nf6 2. c4 g6 3. Nc3 d5 4. cxd5 Nxd5 5. e4 Nxc3 6. bxc3 c5 7. Be3 Bg7 8.
Qd2 Nc6 9. d5 Qa5 10. Rc1 Ne5 11. h3 O-O 12. f4 Nd7 13. c4 Qxd2+ 14. Kxd2 Re8
15. Bd3 e5 16. fxe5 Bxe5 17. Nf3 Bg7 18. Rce1 b6 19. Bf4 Ne5 20. Rhf1 Ba6 21.
Nxe5 Bxe5 22. Bxe5 Rxe5 23. Rf6 Rae8 24. Ref1 R8e7 25. Kc3 Bc8 26. Bc2 Rb7 27.
a4 Kg7 28. R6f4 Rbe7 29. Bd3 Rb7 30. Bc2 Rc7 31. a5 Rb7 32. axb6 axb6 33. Rb1
Bd7 34. Bd3 Re8 35. Rbf1 Ba4 36. Ra1 Bd7 37. Raf1 Ba4 38. g4 Ree7 39. g5 Be8 40.
Rb1 Bd7 41. h4 Re8 42. Rf6 Reb8 43. Kd2 h6 44. Ke3 hxg5 45. hxg5 Ba4 46. Kf4 Be8
47. e5 Bd7 48. e6 Be8 49. Ke5 Re7 50. d6 Rxe6+ 51. Rxe6 fxe6 52. Kxe6 Rb7 53.
Be4 Bd7+ 54. Ke7 Bc6+ {White forfeits on time} 0-1

[Event "Team 45 45 League T51"]
[Site "Internet Chess Club"]
[Date "2011.11.18"]
[Round "2"]
[White "smartactics"]
[Black "carokantor"]
[Result "0-1"]
[WhiteElo "1898"]
[BlackElo "2018"]
[Opening "Queen's pawn: Torre attack"]
[ECO "A46"]
[Time "22:00:30"]
[TimeControl "2700+45"]

1. d4 Nf6 2. Nf3 e6 3. Bg5 h6 4. Bh4 g5 5. Bg3 Ne4 6. Nbd2 Nxg3 7. hxg3 Bg7 8.
e3 d6 9. Bd3 Qe7 10. c3 Nd7 11. e4 e5 12. Qa4 c6 13. Nf1 exd4 14. cxd4 g4 15.
Nh4 Nb6 16. Qb4 Qf6 17. e5 dxe5 18. O-O-O Qxf2 19. dxe5 Be6 20. Bc2 Bxe5 21. Re1
a5 22. Qe4 Nc4 23. b3 Bb2+ 24. Kb1 Bc3 25. Rd1 a4 26. b4 Qb6 27. Nf5 Qxb4+ 28.
Bb3 axb3 29. Ng7+ Bxg7 {White resigns} 0-1

[Event "Team 45 45 League T51"]
[Site "Internet Chess Club"]
[Date "2011.11.19"]
[Round "2"]
[White "pestka"]
[Black "Paulkov"]
[Result "1/2-1/2"]
[WhiteElo "2349"]
[BlackElo "2254"]
[Opening "Sicilian: Canal-Sokolsky attack, Sokolsky variation"]
[ECO "B52"]
[Time "16:02:55"]
[TimeControl "2700+45"]

1. e4 c5 2. Nf3 d6 3. Bb5+ Bd7 4. Bxd7+ Qxd7 5. c4 Nc6 6. Nc3 g6 7. d4 cxd4 8.
Nxd4 Bg7 9. Be3 Nf6 10. f3 O-O 11. O-O Rac8 12. b3 Rfe8 13. Qd2 a6 14. a4 Qc7
15. Rfd1 Qa5 16. Rab1 Nd7 17. Kh1 Nxd4 18. Bxd4 Bxd4 19. Qxd4 {Game drawn by
mutual agreement} 1/2-1/2

[Event "Team 45 45 League T51"]
[Site "Internet Chess Club"]
[Date "2011.11.19"]
[Round "2"]
[White "MaartenKoning"]
[Black "Jack-ONeill"]
[Result "1-0"]
[WhiteElo "2233"]
[BlackElo "2016"]
[Opening "Three knights: Steinitz, Rosenthal variation"]
[ECO "C46"]
[Time "09:04:44"]
[TimeControl "2700+45"]

1. e4 e5 2. Nc3 Nc6 3. Nf3 g6 4. d4 exd4 5. Nd5 Bg7 6. Bg5 Nce7 7. Nxd4 c6 8.
Nxe7 Nxe7 9. Qd2 h6 10. Bh4 d5 11. O-O-O O-O 12. exd5 g5 13. Bg3 Qxd5 14. Nb3
Qxd2+ 15. Rxd2 Nf5 16. Bc7 b6 17. Bc4 Re8 18. Rhd1 Be6 19. Bxe6 Rxe6 20. g4 Nh4
21. Nd4 Re4 22. Nxc6 Rxg4 23. Bg3 Re4 24. Rd8+ Rxd8 25. Rxd8+ Kh7 26. c3 Nf5 27.
Nxa7 Nxg3 28. fxg3 h5 29. Nc8 g4 30. Kd1 Re3 31. Nxb6 h4 32. gxh4 Rh3 33. Rd2
Be5 34. Nd7 {Black resigns} 1-0

[Event "Team 45 45 League T51"]
[Site "Internet Chess Club"]
[Date "2011.11.20"]
[Round "2"]
[White "Kolibri"]
[Black "Campagnolo"]
[Result "0-1"]
[WhiteElo "2009"]
[BlackElo "2068"]
[Opening "Caro-Kann: Steinitz variation"]
[ECO "B17"]
[Time "15:00:34"]
[TimeControl "2700+45"]

1. e4 c6 2. d4 d5 3. Nc3 dxe4 4. Nxe4 Nd7 5. Nf3 Ngf6 6. Ng3 e6 7. Bd3 Be7 8.
O-O O-O 9. c4 c5 10. Be2 b6 11. Ne5 Bb7 12. Bf3 Qc8 13. b3 cxd4 14. Bxb7 Qxb7
15. Qxd4 Bc5 16. Qc3 Nxe5 17. Qxe5 Rad8 18. Bb2 Rd2 19. Rab1 Bxf2+ 20. Rxf2 Rxf2
21. Ne4 Qxe4 22. Qxe4 Nxe4 23. Ba3 Re8 24. Re1 Rxa2 25. Bb4 Nc5 {White resigns}
0-1

[Event "Team 45 45 League T51"]
[Site "Internet Chess Club"]
[Date "2011.11.20"]
[Round "2"]
[White "Seaborgium"]
[Black "Holzschlange"]
[Result "0-1"]
[WhiteElo "1900"]
[BlackElo "1873"]
[Opening "Dutch with c4 & Nc3"]
[ECO "A87"]
[Time "15:01:11"]
[TimeControl "2700+45"]

1. d4 f5 2. c4 Nf6 3. Nc3 g6 4. g3 Bg7 5. Bg2 O-O 6. Nf3 d6 7. O-O Qe8 8. d5 a5
9. Nd4 Na6 10. Ncb5 Qd8 11. Bd2 Nc5 12. Qe1 e5 13. dxe6 c6 14. Na3 Nxe6 15. Bc3
Nc5 16. b3 Nfe4 17. Bb2 f4 18. Rd1 Qg5 19. Nf3 Qh5 20. Bxg7 Kxg7 21. Nb1 Bh3 22.
Nc3 Rf6 23. Rd4 Re8 24. Nxe4 Nxe4 25. Qa1 Bxg2 26. Kxg2 Kg8 27. Rfd1 Rfe6 28.
Qb2 g5 29. Qa1 Nxf2 30. Kxf2 Rxe2+ 31. Kg1 Qxf3 {White resigns} 0-1

[Event "Team 45 45 League T51"]
[Site "Internet Chess Club"]
[Date "2011.11.21"]
[Round "2"]
[White "rdmuhcu"]
[Black "chiiwen"]
[Result "1-0"]
[WhiteElo "2274"]
[BlackElo "2191"]
[Opening "Levitsky attack (Queen's bishop attack)"]
[ECO "D00"]
[Time "13:00:17"]
[TimeControl "2700+45"]

1. d4 d5 2. Bg5 c6 3. c3 Bf5 4. Nd2 Qb6 5. Qb3 Nd7 6. Ngf3 Ngf6 7. e3 e6 8. h3
h6 9. Bf4 Be7 10. Be2 O-O 11. g4 Bh7 12. Ne5 Nxe5 13. Bxe5 Ne4 14. Nxe4 Bxe4 15.
f3 Bg6 16. h4 f6 17. Bf4 Rfe8 18. h5 Bh7 19. Kf2 Bf8 20. Qxb6 axb6 21. c4 Rec8
22. a3 b5 23. cxb5 cxb5 24. Rhc1 b4 25. axb4 Bxb4 26. Rc7 b6 27. Ra6 Ba5 28. Bb5
Rd8 29. Rxa8 Rxa8 30. Bd6 {Black resigns} 1-0